 Dungeon Crawl Stone Soup version 0.21.0-3-g78d12a8 (webtiles) character file.

58 MDvedh the Ducker (level 4, 0/35 HPs)
             Began as a Merfolk Air Elementalist on Jan 10, 2018.
             Succumbed to an adder's poison
             ... on level 2 of the Dungeon.
             The game lasted 00:02:57 (2333 turns).

MDvedh the Ducker (Merfolk Air Elementalist)        Turns: 2333, Time: 00:02:57

Health: 0/35       AC: 10    Str:  9    XL:     4   Next: 2%
Magic:  7/7        EV:  1    Int: 14    God:
Gold:   78         SH:  0    Dex: 14    Spells: 6/7 levels left

rFire    . . .     SeeInvis .   l - +0 quarterstaff
rCold    . . .     Gourm    .   (shield currently unavailable)
rNeg     . . .     Faith    .   k - +0 plate armour
rPois    .         Spirit   .   (no helmet)
rElec    .         Reflect  .   (no cloak)
rCorr    .         Harm     .   (no gloves)
MR       .....                  (no boots)
Stlth    ..........             (no amulet)
HPRegen  0.11/turn              (no ring)
MPRegen  0.10/turn              (no ring)

@: lethally poisoned (0 -> -10), very slightly contaminated, invisible
A: change form in water, swift swim, stealthy swim
a: no special abilities


You were on level 2 of the Dungeon.
You were very hungry.

You visited 1 branch of the dungeon, and saw 2 of its levels.

You collected 78 gold pieces.

Inventory:

Hand Weapons
 h - a +0 short sword
 l - a +0 quarterstaff (weapon)
Armour
 a - a +0 robe
 g - a +0 ring mail
 k - a +0 plate armour (worn)
Scrolls
 d - a scroll of immolation {unknown}
 e - 3 scrolls of identify {unknown}
 f - a scroll of teleportation {unknown}
 j - a scroll of remove curse {unknown}
Books
 b - a book of Air

   Spells                             Type                      Level
   a - Shock                          Conjuration/Air              1
   b - Swiftness                      Charms/Air                   2
   c - Static Discharge               Conjuration/Air              3
   d - Airstrike                      Air                          4
   e - Lightning Bolt                 Conjuration/Air              5
Comestibles
 c - 3 rations


   Skills:
 * Level 3.1 Fighting
 * Level 0.0 Armour
 - Level 3.8 Dodging
 - Level 2.1 Stealth
 - Level 2.0 Spellcasting
 - Level 0.7 Conjurations
 - Level 2.4 Air Magic


You had 6 spell levels left.
You knew the following spells:

 Your Spells              Type           Power        Failure   Level  Hunger
a - Shock                 Conj/Air       #...         100%        1    ##.....


Dungeon Overview and Level Annotations

Branches:
Dungeon (2/15)

Altars:


Message History

The adder is moderately wounded.
* * * LOW HITPOINT WARNING * * *
You feel sick.
The adder bites you but does no damage. x2
It was a potion of invisibility.
You fade into invisibility!
* * * LOW HITPOINT WARNING * * *
You feel sick. The adder bites you.
* * * LOW HITPOINT WARNING * * *
You are very lightly contaminated with residual magic.
Unknown command.
You barely miss the adder.
The adder is moderately wounded.
* * * LOW HITPOINT WARNING * * *
You feel sick. The adder bites you but does no damage. The adder bites you.
* * * LOW HITPOINT WARNING * * *
You are more poisoned.
The adder poisons you!
Your plate armour prevents you from hitting the adder.
The adder is moderately wounded.
You die... .#.##.#............ #.# .#.##............. #.# .#.#### ...%..... #.## .#.# ...[... #..# .#.# ..... #.## .#.# .SS

#.# ...# #.# #.#
.###
#.###############.##
.#
#.SSS@.............#
.#
####################
.# .# .#
############### .#
#.............# .#
#.............#
.#####.............#
.....(.............#


You could see 2 adders and a ball python.

Vanquished Creatures
  2 adders (D:2)
  2 oozes (D:2)
  A dart slug (D:2)
  A leopard gecko (D:2)
  3 giant cockroaches (D:2)
  A goblin (D:2)
  A hobgoblin (D:2)
  4 jackals (D:2)
  3 kobolds (D:1)
  A quokka (D:2)
  2 bats
  8 rats
29 creatures vanquished.

Notes
Turn   | Place    | Note
-------+----------+-------------------------------------------
     0 | D:1      | MDvedh the Merfolk Air Elementalist began the quest for the Orb.
     0 | D:1      | Reached XP level 1. HP: 13/13 MP: 3/3
   216 | D:1      | Reached skill level 1 in Fighting
   651 | D:1      | Reached XP level 2. HP: 18/21 MP: 5/5
   659 | D:1      | You fall through a shaft!
  1192 | D:2      | Reached XP level 3. HP: 24/27 MP: 6/6
  1516 | D:2      | HP: 1/28 [jackal (1)]
  1972 | D:2      | Reached XP level 4. HP: 26/35 MP: 0/7
  2332 | D:2      | HP: 1/35 [adder (3)]
  2333 | D:2      | Succumbed to an adder's poison

Skill      XL: |  1  2  3 |
---------------+----------+-----
Fighting       | 1 2 3 |  3.1
Dodging        | 3 |  3.8
Stealth        | |  2.1
Spellcasting   | |  2.0
Conjurations   | |  0.7
Air Magic      | |  2.4

Action                   |  1- 3 |  4- 6 || total
-------------------------+-------+-------++-------
Melee: Unarmed           |    23 |       ||    23
       Short sword       |    57 |       ||    57
       Quarterstaff      |       |    12 ||    12
 Cast: Shock             |    46 |     1 ||    47
  Use: Potion            |       |     1 ||     1
  Eat: Chunk             |     4 |       ||     4
Armor: Robe              |    28 |       ||    28
       Plate armour      |       |    11 ||    11
Dodge: Dodged            |   103 |       ||   103
